 Dungeon Crawl Stone Soup version 0.31-a0-521-gc7390f8997 (webtiles) character file.

Game seed: 3619236250480549850

1742660 freelancePsychic the Impregnable (level 26, 199/199 HPs)
             Began as a Demonspawn Delver on Aug 10, 2023.
             Was a High Priest of Hepliaklqana.
             Escaped with the Orb
             ... and 3 runes!
             The game lasted 03:05:21 (64910 turns).

freelancePsychic the Impregnable (DsDe)            Turns: 64910, Time: 03:05:22

Health: 199/199    AC: 34    Str: 21    XL:     26   Next: 90%
Magic:  44/44      EV: 18    Int: 13    God:    Hepliaklqana [*****.]
Gold:   5864       SH: 16    Dex: 15    Spells: 19/25 levels left

rFire   + + +        a - +7 sceptre of Torment {pain, torment}
rCold   . . .        C - +2 kite shield
rNeg    + + .        I - +7 storm dragon scales {Bai Suzhen}
rPois   .            (helmet restricted)
rElec   +            r - +2 cloak {Will+}
rCorr   +            p - +2 pair of gloves {Stlth+}
SInv    .            (boots unavailable)
Will    +++..        m - amulet of Vitality {RegenMP++ Regen++}
Stlth   +            H - ring "Repoumav" {rN++ EV+5 Stlth+}
HPRegen 2.13/turn    U - ring of the Final Decision {rF++ rC+ MP+9}
MPRegen 1.38/turn

%: guardian spirit
@: hasted, studying 2 skills, very quick
A: reduced essence, hooves 3, yellow scales 3, torment resistance 1, magic
shield, magic regeneration, magic link, demonic magic 3, demonic willpower,
horns 2, clumsy 1, deformed body, fire resistance 1, cold vulnerability 1,
subdued magic 1, MP-powered wands
0: Orb of Zot
}: 3/15 runes: decaying, silver, gossamer
a: Renounce Religion, Recall Ancestor, Ancestor Identity, Transference, Idealise


You escaped.
You worshipped Hepliaklqana.
Hepliaklqana was extremely pleased with you.
You visited 12 branches of the dungeon, and saw 52 of its levels.
You also visited: Ice Cave and Desolation.

You collected 8950 gold pieces.
You spent 3086 gold pieces at shops.

Inventory:

Hand Weapons
 a - the +7 sceptre of Torment (weapon) {pain, torment}
   (You took it off a deep elf archer on level 3 of the Elven Halls)
 b - a +9 eveningstar of draining
Missiles
 k - 3 throwing nets
 t - 10 javelins
 u - 63 poisoned darts
Armour
 p - a +2 pair of gloves of stealth (worn)
 r - a +2 cloak of willpower (worn)
 C - a +2 kite shield (worn)
 D - the +0 helmet "Qywois" {rPois rF+ Dex+2 Stlth+}
   (You acquired it on level 5 of the Lair of Beasts)

   Dex+2:     It affects your dexterity (+2).
   rF+:       It protects you from fire.
   rPois:     It protects you from poison Stlth+: It makes you more stealthy.
 I - +7 storm dragon scales (worn) {Bai Suzhen}
Jewellery
 m - the amulet of Vitality (around neck) {RegenMP++ Regen++}
   (You bought it in a shop on level 3 of the Elven Halls)

   [amulet of magic regeneration]

   RegenMP:   It increases your rate of magic regeneration.
   Regen++:   It increases your rate of health regeneration.
 H - the ring "Repoumav" (left hand) {rN++ EV+5 Stlth+}
   (You took it off a fire giant on level 3 of the Depths)

   [ring of evasion]

   EV+5:      It affects your evasion (+5).
   rN++:      It greatly protects you from negative energy.
   Stlth+:    It makes you more stealthy.
 U - the ring of the Final Decision (right hand) {rF++ rC+ MP+9}
   (You found it on level 3 of the Depths)

   [ring of magical power]

   rF++:      It greatly protects you from fire.
   rC+:       It protects you from cold.
   MP+9:      It affects your magic capacity (+9).
 X - a ring of poison resistance
 Y - the necklace of Bloodlust {Fury *Rage Will++ Int-3 Slay+6}
   (You found it on level 2 of the Realm of Zot)

   [amulet of nothing]

   Fury:      It extends the wearer's berserk rage when killing foes.
   Int-3:     It affects your intelligence (-3).
   Slay+6:    It affects your accuracy & damage with ranged weapons and melee
   (+6).
   Will++:    It greatly increases your willpower.
   *Rage:     It berserks you when you make melee attacks (+50% chance).
Wands
 g - a wand of digging (32)
 q - a wand of iceblast (31)
 A - a wand of paralysis (55)
 G - a wand of polymorph (58)
 J - a wand of light (14)
 O - a wand of flame (77)
 V - a wand of mindburst (41)
Scrolls
 c - 5 scrolls of fog
 d - 4 scrolls of revelation
 h - 5 scrolls of immolation
 l - a scroll of enchant armour
 y - 4 scrolls of blinking
 E - 9 scrolls of vulnerability
 F - 28 scrolls of identify {@r1}
 N - 4 scrolls of poison
 P - 10 scrolls of fear
 R - 8 scrolls of teleportation {@r4}
 T - 3 scrolls of amnesia
 Z - 3 scrolls of enchant weapon
Potions
 e - 10 potions of brilliance
 f - 10 potions of lignification
 i - 4 potions of resistance
 j - 7 potions of invisibility
 o - a potion of haste {@q3}
 s - 9 potions of magic
 x - 5 potions of ambrosia
 z - 4 potions of mutation
 B - 8 potions of attraction
 K - 4 potions of berserk rage
 Q - a potion of might
Miscellaneous
 v - a box of beasts
 w - a condenser vane
 L - the horn of Geryon
 M - a lightning rod (4/4) (quivered)
 W - a phantom mirror (inert)


   Skills:
 + Level 21.5 Fighting
 - Level 3.2(3.5) Short Blades
 - Level 2.2(3.0) Long Blades
 - Level 16.0 Maces & Flails
 - Level 14.0 Polearms
 - Level 22.0 Armour
 - Level 10.7 Dodging
 - Level 4.8 Stealth
 - Level 17.0 Shields
 + Level 20.1 Necromancy
 - Level 17.0 Invocations
 - Level 15.0 Evocations


You had 19 spell levels left.
You knew the following spells:

 Your Spells              Type           Power      Damage    Failure   Level
a - Death Channel         Necr           20%        N/A       4%          6

Your spell library contained the following spells:

 Spells                   Type           Power      Damage    Failure   Level
 Kiss of Death            Conj/Necr      80%        2d11      1%          1
 Necrotise                Necr           100%       1d9       1%          1
 Sublimation of Blood     Necr           40%        N/A       1%          2
 Vampiric Draining        Necr           40%        2d8       1%          3
 Animate Dead             Necr           40%        N/A       1%          4
 Agony                    Necr           40%        N/A       1%          5
 Cigotuvi's Dreadful Rot  Necr/Pois/Air  26%        N/A       12%         2
 Borgnjor's Vile Clutch   Necr/Erth      10%        N/A       52%         5
 Apportation              Tloc           0%         N/A       80%         1
 Foxfire                  Conj/Fire      0%         2x1d4     80%         1
 Freeze                   Ice            0%         1d3       80%         1
 Magic Dart               Conj           0%         1d3       80%         1
 Sandblast                Erth           0%         2d4       80%         1
 Shock                    Conj/Air       0%         1d3       80%         1
 Slow                     Hex            0%         N/A       80%         1
 Summon Small Mammal      Summ           0%         N/A       80%         1
 Blink                    Tloc           0%         N/A       90%         2
 Ensorcelled Hibernation  Hex/Ice        0%         N/A       90%         2
 Lesser Beckoning         Tloc           0%         N/A       90%         2
 Momentum Strike          Conj/Tloc      0%         3d8       90%         2
 Passwall                 Tmut/Erth      0%         N/A       90%         2
 Scorch                   Fire           0%         2d5       90%         2
 Searing Ray              Conj           0%         2d4       90%         2
 Static Discharge         Conj/Air       0%         2-2/arc   90%         2
 Wereblood                Tmut           0%         N/A       90%         2
 Infestation              Necr           20%        N/A       93%         8
 Simulacrum               Ice/Necr       10%        N/A       98%         6
 Call Canine Familiar     Summ           0%         N/A       99%         3
 Confusing Touch          Hex            0%         N/A       99%         3
 Dazzling Flash           Conj/Hex       0%         N/A       99%         3
 Frozen Ramparts          Ice            0%         1d1       99%         3
 Gell's Gravitas          Tloc           0%         N/A       99%         3
 Hailstorm                Conj/Ice       0%         3d3       99%         3
 Inner Flame              Hex/Fire       0%         N/A       99%         3
 Mephitic Cloud           Conj/Pois/Air  0%         N/A       99%         3
 Portal Projectile        Hex/Tloc       0%         N/A       99%         3
 Stone Arrow              Conj/Erth      0%         3d7       99%         3
 Summon Guardian Golem    Hex/Summ       0%         N/A       99%         3
 Swiftness                Air            0%         N/A       99%         3
 Teleport Other           Tloc           0%         N/A       99%         3
 Tukima's Dance           Hex            0%         N/A       99%         3
 Volatile Blastmotes      Fire/Tloc      0%         2d10      99%         3
 Airstrike                Air            0%         2d(0-16)  100%        4
 Animate Armour           Summ/Erth      0%         N/A       100%        4
 Flame Wave               Conj/Fire      0%         2d4       100%        4
 Fulminant Prism          Conj/Hex       0%         3d5       100%        4
 Iskenderun's Mystic Bla  Conj/Tloc      0%         2d3       100%        4
 Leda's Liquefaction      Hex/Erth       0%         N/A       100%        4
 Manifold Assault         Tloc           0%         N/A       100%        4
 Olgreb's Toxic Radiance  Pois           0%         N/A       100%        4
 Passage of Golubria      Tloc           0%         N/A       100%        4
 Petrify                  Tmut/Erth      0%         N/A       100%        4
 Summon Ice Beast         Ice/Summ       0%         N/A       100%        4
 Summon Lightning Spire   Summ/Air       0%         N/A       100%        4
 Alistair's Intoxication  Tmut/Pois      0%         N/A       100%        5
 Arcjolt                  Conj/Air       0%         1d10      100%        5
 Fireball                 Conj/Fire      0%         3d3       100%        5
 Freezing Cloud           Conj/Ice/Air   0%         6-21      100%        5
 Irradiate                Conj/Tmut      0%         3d11      100%        5
 Iskenderun's Battlesphe  Conj           0%         2d6       100%        5
 Metabolic Englaciation   Hex/Ice        0%         N/A       100%        5
 Silence                  Hex/Air        0%         N/A       100%        5
 Summon Forest            Summ/Tloc      0%         N/A       100%        5
 Summon Mana Viper        Hex/Summ       0%         N/A       100%        5
 Yara's Violent Unravell  Hex/Tmut       0%         3d3       100%        5
 Conjure Ball Lightning   Conj/Air       0%         3x3d6     100%        6
 Dispersal                Tloc           0%         N/A       100%        6
 Eringya's Noxious Bog    Tmut/Pois      0%         4d6       100%        6
 Leda's Unmaking          Conj/Erth      0%         9d1       100%        6
 Plasma Beam              Fire/Air       0%         2x1d10    100%        6
 Starburst                Conj/Fire      0%         6d3       100%        6
 Summon Cactus Giant      Summ           0%         N/A       100%        6
 Enfeeble                 Hex            0%         N/A       100%        7
 Malign Gateway           Summ/Tloc      0%         N/A       100%        7
 Monstrous Menagerie      Summ           0%         N/A       100%        7
 Orb of Destruction       Conj           0%         9d5       100%        7
 Summon Hydra             Summ           0%         N/A       100%        7
 Discord                  Hex            0%         N/A       100%        8
 Disjunction              Tloc           0%         N/A       100%        8
 Lehudib's Crystal Spear  Conj/Erth      0%         10d2      100%        8
 Summon Horrible Things   Summ           0%         N/A       100%        8
 Polar Vortex             Ice            0%         N/A       100%        9


Dungeon Overview and Level Annotations

Branches:
Dungeon (15/15)            Temple (1/1) D:7            Lair (5/5) D:9
  Swamp (4/4) Lair:3       Spider (4/4) Lair:2        Slime (0/5) Lair:5
    Orc (2/2) D:11            Elf (3/3) Orc:2        Vaults (5/5) D:14
  Crypt (3/3) Vaults:2       Tomb (0/3) Crypt:3      Depths (4/4) D:15
   Hell (visited)             Dis (0/7) Hell            Geh (0/7) Hell
    Coc (0/7) Hell            Tar (0/7) Hell            Zot (5/5) Depths:4
  IceCv (visited)         Desolation (visited)

Altars:
Ashenzari
Cheibriados
Dithmenos
Fedhas
Gozag
Hepliaklqana
Kikubaaqudgha
Makhleb
Nemelex Xobeh
Okawaru
Qazlal
Ru
Sif Muna
Trog
Uskayaw
Vehumet
Wu Jian
Xom
Yredelemnul
Jiyva
Lugonu

Shops:
D:6 [   D:11 ?   D:12 *   Orc:1 ?   Orc:2 [:*   Elf:1 **   Elf:3 =   Vaults:3 (
Vaults:5 [   Depths:1 :=:

Portals:
Hell: Depths:1 Depths:2 Depths:3 Depths:4
Abyss: Lair:5 Depths:1 Depths:3 Depths:4
Pandemonium: Depths:2
Ziggurat: Depths:2

Annotations:
D:1 Boris
D:5 exclusions: 2 doors and water moccasin
D:8 exclusion: statue
Swamp:2 Roxanne
Elf:1 exclusion: downstairs
Elf:2 3 runed translucent doors
Depths:1 exclusion: reaper
Depths:3 2 runed translucent doors
Zot:3 3 runed translucent doors, Deah Kuhairgh's ghost, legendary GnIE; Pessaschasee's ghost, legendary HOFi
Zot:4 exclusion: orb of fire


Innate Abilities, Weirdness & Mutations

Your life essence is reduced to manifest your ancestor. (-10% HP)
You have hooves in place of feet.
You are completely covered in yellow scales. (AC +4, rCorr)
You are resistant to unholy torment.
When hurt, damage is shared between your health and your magic reserves.
You regenerate magic rapidly.
When low on magic, you restore magic in place of health.
Spells you cast and wands you use may paralyse nearby enemies.
You punish those that try to bend your will. (Will+)
You have a pair of horns on your head.
You are clumsy. (Dex -2)
Armour fits poorly on your strangely shaped body.
Your flesh is heat resistant. (rF+)
You are vulnerable to cold. (rC-)
Your spells are a little easier to cast, but a little less powerful.
You expend magic power (3 MP) to strengthen your wands.


Message History

Ayize is no longer moving quickly.
There is an open door here.
There is a stone staircase leading up here.
You climb upwards.
There is a stone staircase leading down here.
You swap places.
There is a shaft here.
Ancestor HP restored.
There is a stone staircase leading up here.
You climb upwards.
There is a stone staircase leading down here.
You swap places.
There is a stone staircase leading up here.
You climb upwards.
There is a stone staircase leading down here.
Boris, Master of Life and Death comes into view.
Boris is empowered by the presence of the orb!
Ayize hits Boris with a +0 lajatang of freezing!!
Boris casts a spell.
Boris flickers and vanishes!
Deactivating autopickup; reactivate with Ctrl-A.
Ayize hits something with a +0 lajatang of freezing!!!
Ayize freezes something.
Ayize hits something with a +0 lajatang of freezing!!
Ayize freezes something.
An iron shot appears from out of thin air!
The iron shot misses Ayize.
Something hits Ayize.
Something touches Ayize but does no damage.
Something hits Ayize.
Something touches Ayize!
Ayize points at something and mumbles some strange words.
The bolt of magma hits something!!
An iron shot appears from out of thin air!
The iron shot hits Ayize!!!
Ayize has departed this plane of existence.
You feel yourself speed up.
There is a staircase leading out of the dungeon here.
Ayize is still trapped in memory!
You can't go down here!
You have escaped!

.......[.# ### ####.# #.#
.........#
#.###.##.#########.#
##.......#
#...).##...........#
#.......#
###.#.#.##############
#.......# #.........#
#.......###.#.#.#.#.########
#######.......#.#..........#
###.#.###.###.#.#..#.#####
#......@......##.#.#....
##.#.###.###.#.##.#.#.###
#......#.#......#.#.#.#
####.#.#.#.#.######.#.#
#..#.........#......#.#
#..###.#.#.###.######.#
#....#.....# #(######.#
#.>#.#.###.# #........#
#..#.....################


There were no monsters in sight!

Vanquished Creatures
  2 dread liches
  An orb of fire (Zot:5)
  Tiamat (Zot:3)
  An ancient lich (Vaults:5)
  Boris (Vaults:3)
  A Killer Klown (Zot:5)
  3 caustic shrikes
  A curse toe (Zot:4)
  5 golden dragons
  2 profane servitors
  2 doom hounds (Zot:1)
  A hellephant (Hell)
  A Brimstone Fiend (Zot:5)
  Jorgrun (D:12)
  4 electric golems
  7 tentacled monstrosities
  An Ice Fiend (Zot:2)
  10 Orb Guardians
  3 liches
  4 searing wretches (Depths:4)
  4 titans
  3 quicksilver dragons
  A walking frostbound tome (Depths:2)
  An Executioner (D:12)
  3 death cobs (Zot:4)
  3 ancient champions (Crypt:3)
  6 sphinxes
  Agnes (Spider:3)
  5 tengu reavers
  A thorn hunter (Swamp:2)
  6 storm dragons
  7 shadow dragons
  2 revenants
  5 draconian monks
  4 fire giants
  An iron dragon (Vaults:5)
  3 draconian knights
  5 deep elf sorcerers
  5 emperor scorpions (Spider:4)
  A balrug (Depths:2)
  5 frost giants
  3 draconian scorchers
  2 draconian stormcallers
  Louise (Depths:3)
  10 ghouls
  A curse skull (Crypt:3)
  11 vault wardens
  4 draconian shifters
  9 ironbound preservers
  A spriggan defender (Depths:3)
  3 formless jellyfish
  2 orc warlords
  A reaper (Crypt:2)
  2 cacodemons (Depths:4)
  A draconian annihilator (Zot:3)
  A broodmother (Spider:4)
  8 very ugly things
  8 green draconians
  2 war gargoyles
  An ironbound thunderhulk (Vaults:3)
  5 stone giants
  2 vampire knights
  4 black draconians
  Nessos (D:12)
  4 eleionomae
  2 deep elf demonologists
  4 yellow draconians
  Azrael (D:13)
  4 purple draconians
  A deep elf annihilator (Vaults:5)
  3 white draconians
  6 dire elephants
  5 spark wasps
  3 red draconians
  An eidolon (Crypt:1)
  5 bunyips
  5 ettins
  2 blizzard demons
  2 deep elf death magi (Elf:3)
  Snorg (Lair:4)
  2 jiangshi (Crypt:1)
  3 crystal guardians (Desolation)
  7 fire dragons
  Josephine (D:14)
  A merfolk javelineer (Depths:4)
  2 ragged hierophants (Desolation)
  4 deep elf high priests
  3 entropy weavers
  3 great orbs of eyes
  A rakshasa (Depths:3)
  19 vault guards
  A fenstrider witch zombie (Crypt:1)
  6 yaktaur captains
  13 hydras
  2 spriggan air magi
  A servant of whispers (Desolation)
  9 ironbound frosthearts
  4 peacekeepers
  5 ice dragons
  3 catoblepae
  2 hell beasts
  5 jorogumos (Spider:4)
  A ghost crab (Swamp:4)
  5 boulder beetles
  A stoker (Depths:4)
  6 two-headed ogres
  8 death yaks
  5 centaur warriors (Vaults:1)
  3 deep troll shamans
  4 hell hogs (Depths:4)
  7 alligators
  2 death knights
  4 tengu warriors
  12 dancing weapons
  7 deep troll earth magi
  A vampire mage (D:15)
  6 demonic crawlers
  A spriggan berserker (Depths:3)
  3 thrashing horrors (Lair:5)
  A quicksilver ooze zombie (Crypt:2)
  2 orc high priests
  Urug (Orc:2)
  5 sun demons (Depths:4)
  4 soul eaters
  2 skysharks (Elf:2)
  7 skeletal warriors
  4 hell knights
  2 pharaoh ants (Spider:2)
  2 sixfirhies (Depths:4)
  7 deep elf knights
  3 iron trolls
  Lodul (D:10)
  A shadow wraith (Crypt:3)
  3 sun moths
  4 swamp dragons
  A deep troll (shapeshifter) (Depths:3)
  A sea snake (shapeshifter) (Lair:5)
  2 spriggan druids
  A flayed ghost (Crypt:3)
  29 deep trolls
  2 glowing orange brains
  4 orb spiders
  5 necromancers
  4 phantasmal warriors
  A glowing orange brain (shapeshifter) (Vaults:5)
  A wizard (Vaults:3)
  10 deep elf archers
  A golden dragon skeleton (Depths:1)
  3 bog bodies
  4 steelbarb worms
  4 lindwurms
  A harpy (Vaults:2)
  14 deep elf zephyrmancers
  6 ironbound convokers
  4 orc knights
  14 deep elf pyromancers
  9 wolf spiders
  2 orc sorcerers
  A tengu skeleton (Vaults:2)
  5 cyclopes
  A salamander (Depths:3)
  7 moths of wrath
  A large abomination (Lair:5)
  A goliath frog skeleton (Crypt:3)
  7 elephants
  21 ugly things
  3 will-o-the-wisps
  A stone giant skeleton (Vaults:2)
  3 guardian serpents (Desolation)
  6 vault sentinels
  4 black mambas
  2 frost giant skeletons (Vaults:2)
  4 torpor snails
  An elephant slug zombie (Crypt:1)
  9 cane toads
  A centaur skeleton (Crypt:1)
  A storm dragon simulacrum (Depths:1)
  2 unseen horrors
  A hellion (D:14)
  2 rime drakes
  7 komodo dragons
  An ice devil (Depths:4)
  An unseen horror (shapeshifter) (D:8)
  7 yaktaurs
  An iron troll zombie (Crypt:2)
  2 efreet
  5 freezing wraiths
  A black draconian skeleton (Crypt:2)
  A tengu conjurer (Depths:1)
  An anaconda simulacrum (IceCv)
  5 guardian mummies (Crypt:3)
  A yaktaur skeleton (Vaults:2)
  5 trolls
  2 bloated husks
  4 meliai
  5 tarantellas
  2 elf skeletons (Vaults:2)
  2 polar bears
  A tarantella (shapeshifter) (Depths:2)
  A troll (shapeshifter) (Elf:2)
  A spriggan zombie (Depths:1)
  5 tyrant leeches
  17 saltlings (Desolation)
  22 blink frogs
  2 raiju
  A stone giant simulacrum (Crypt:1)
  3 hydra skeletons (Hell)
  5 dream sheep
  An ice dragon zombie (Crypt:1)
  A snapping turtle (shapeshifter) (Vaults:5)
  8 hornets
  An alligator zombie (Hell)
  A flying skull (Crypt:3)
  10 jumping spiders
  12 slime creatures
  An alligator skeleton (Hell)
  A shadow (D:10)
  7 culicivoras
  9 spriggans
  7 wraiths
  5 air elementals
  6 water elementals
  2 ynoxinuls
  2 vampires
  5 wyverns
  9 basilisks
  28 yaks
  A chaos spawn (Lair:5)
  A steam dragon (D:10)
  4 fire elementals
  A yak (shapeshifter) (Lair:5)
  A redback (shapeshifter) (Vaults:5)
  12 vampire mosquitoes
  33 redbacks
  A death yak simulacrum (IceCv)
  5 wargs
  8 water moccasins
  An iron troll simulacrum (Crypt:2)
  6 hell hounds
  7 swamp worms
  A glowing shapeshifter skeleton (Crypt:1)
  A deep troll zombie (Crypt:2)
  A cane toad skeleton (Crypt:2)
  25 orc warriors
  3 swamp drakes (Swamp:4)
  2 sky beasts
  2 black bears
  9 ogres
  2 boggarts
  A hog zombie (Crypt:1)
  18 wolves
  A phantom (D:5)
  8 centaurs
  A hog skeleton (Crypt:2)
  Blork the orc (Orc:2)
  A kobold brigand (D:10)
  A komodo dragon zombie (Crypt:3)
  An elf zombie (Crypt:1)
  13 bullfrogs
  4 scorpions
  3 human skeletons (Vaults:2)
  5 necrophages
  An earth elemental (Elf:3)
  4 wights (D:9)
  9 small abominations (Lair:5)
  2 elephant simulacra (IceCv)
  7 killer bees
  2 howler monkeys
  A spriggan skeleton (Crypt:3)
  An electric eel (Lair:4)
  16 orc priests
  6 hounds
  A gnoll bouda (D:6)
  4 jellies
  3 sleepcaps
  A basilisk skeleton (Crypt:3)
  5 iguanas
  16 orc wizards
  10 hell rats
  A naga zombie (Crypt:1)
  14 gnolls
  6 adders
  A shadow imp (D:7)
  9 white imps
  An ufetubus (D:5)
  2 dart slugs
  57 orcs
  9 endoplasms
  2 giant cockroaches
  12 goblins
  3 hobgoblins (D:2)
  3 quokkas
  8 ball pythons
  5 bats
  2 frilled lizards
  9 kobolds
  A kobold skeleton (Crypt:1)
  7 rats
  A fire vortex (Hell)
  2 tentacles (Hell)
1341 creatures vanquished.

Vanquished Creatures (collateral kills)
  5 dread liches (Zot:5)
  4 ancient liches
  Mara (Vaults:3)
  Mennas (Crypt:2)
  4 orbs of fire
  A juggernaut (Depths:3)
  Sojobo (Crypt:2)
  2 Killer Klowns
  Vv (Zot:1)
  the Lernaean hydra (Swamp:4)
  Bai Suzhen (Vaults:4)
  Margery (Vaults:3)
  Geryon (Hell)
  2 curse toes
  Nikola (Spider:1)
  4 golden dragons
  Norris (Elf:2)
  A bone dragon (Depths:4)
  Arachne (Spider:2)
  An electric golem (Zot:2)
  A hellephant (Depths:4)
  A shard shrike skeleton (Crypt:1)
  A Hell Sentinel (Zot:1)
  Mlioglotl (Spider:2)
  7 tentacled monstrosities
  18 Orb Guardians
  Grunn (Zot:1)
  4 liches
  2 titans (Vaults:5)
  5 quicksilver dragons
  2 searing wretches (Depths:4)
  3 sphinxes
  Murray (Depths:4)
  9 shadow dragons
  An acid blob (shapeshifter) (Vaults:5)
  3 death cobs
  A tengu reaver (Crypt:2)
  4 ancient champions
  6 storm dragons
  9 draconian monks
  2 revenants
  A frost giant (Depths:2)
  6 fire giants
  3 draconian knights
  3 ghost moths
  11 vault wardens
  6 deep elf sorcerers (Elf:3)
  2 emperor scorpions (Spider:4)
  A deep elf elementalist (Elf:3)
  2 curse skulls
  An orc warlord (Vaults:4)
  6 ghouls
  6 reapers
  3 draconian annihilators
  3 draconian shifters
  3 draconian scorchers
  A war gargoyle (Vaults:5)
  A draconian stormcaller (Zot:5)
  A formless jellyfish (Vaults:1)
  10 ironbound preservers
  4 very ugly things
  8 stone giants
  An ironbound thunderhulk (Vaults:1)
  6 green draconians
  5 vampire knights
  An eleionoma (Swamp:3)
  3 deep elf annihilators
  4 purple draconians
  3 deep elf demonologists
  5 red draconians
  6 white draconians
  A halazid warlock (Desolation)
  3 black draconians
  4 dire elephants
  A spark wasp (Depths:2)
  5 yellow draconians
  A bunyip (Swamp:3)
  A blizzard demon (Zot:1)
  An eidolon (Crypt:2)
  A mummy priest (Crypt:3)
  An ettin (Depths:2)
  2 entropy weavers
  2 deep elf death magi (Elf:3)
  3 crystal guardians (Desolation)
  2 ragged hierophants (Desolation)
  A kraken zombie (Hell)
  5 yaktaur captains
  A green death (Hell)
  3 deep elf high priests
  4 great orbs of eyes
  3 servants of whispers (Desolation)
  12 hydras
  6 fire dragons
  8 ice dragons
  2 spriggan air magi
  Erolcha (D:13)
  A ghost crab (Swamp:3)
  A jorogumo (Spider:4)
  14 vault guards
  6 peacekeepers
  An ogre mage (Vaults:5)
  Erica (Lair:2)
  3 boulder beetles
  A radroach (Spider:2)
  4 centaur warriors (Vaults:1)
  4 ironbound frosthearts
  10 dancing weapons
  2 alligators
  5 deep troll shamans
  2 hell hogs (Depths:1)
  A vampire mage (Crypt:1)
  5 demonic crawlers
  A tengu warrior (D:15)
  A two-headed ogre (D:12)
  2 orc high priests
  3 spriggan berserkers
  A death yak (shapeshifter) (Vaults:5)
  6 deep troll earth magi
  2 skysharks
  15 skeletal warriors
  5 sun demons
  A titan zombie (Crypt:2)
  A shadow wraith (Crypt:1)
  5 iron trolls
  2 soul eaters (Depths:4)
  2 hell knights
  A salamander mystic (Depths:3)
  A pharaoh ant (Spider:2)
  7 deep elf knights
  3 goliath frogs
  A spriggan druid (Swamp:3)
  3 orb spiders
  2 glowing orange brains (Depths:2)
  A flayed ghost (Depths:4)
  5 bog bodies
  A shadow demon (D:14)
  19 deep trolls
  A tengu zombie (Depths:1)
  5 orc knights
  6 swamp dragons
  4 lindwurms
  4 phantasmal warriors
  6 deep elf archers
  A sphinx zombie (Depths:1)
  12 deep elf zephyrmancers
  14 ironbound convokers
  3 necromancers
  2 anaconda skeletons (Crypt:1)
  8 wolf spiders
  2 orc sorcerers
  5 steelbarb worms
  12 deep elf pyromancers
  A shining eye (shapeshifter) (Elf:1)
  21 ugly things
  A manticore (D:14)
  A salamander (Depths:3)
  A cyclops (D:14)
  A human skeleton (Vaults:2)
  4 black mambas
  A will-o-the-wisp (Swamp:2)
  3 guardian serpents (Desolation)
  14 moths of wrath
  A stone giant skeleton (Depths:1)
  A dire elephant zombie (Crypt:2)
  3 elephants (Lair:5)
  A molten gargoyle (Desolation)
  8 vault sentinels
  An orange demon (Hell)
  2 torpor snails (Spider:1)
  2 cane toads
  2 spriggan zombies
  A rime drake (Lair:5)
  5 komodo dragons
  A sea snake zombie (Crypt:2)
  5 yaktaurs
  An efreet (D:8)
  A yellow draconian skeleton (Crypt:3)
  4 guardian mummies (Crypt:3)
  4 freezing wraiths
  A tengu conjurer (Depths:1)
  A hydra zombie (Hell)
  A harpy zombie (Crypt:1)
  3 yaktaur skeletons (Vaults:2)
  A troll (shapeshifter) (Lair:5)
  4 tyrant leeches
  A bloated husk (Swamp:3)
  5 meliai
  A meliai (shapeshifter) (Elf:2)
  A queen bee (shapeshifter) (Lair:5)
  14 blink frogs
  2 trolls (Orc:1)
  An ettin zombie (Crypt:2)
  40 saltlings (Desolation)
  6 hornets
  A large abomination (D:8)
  9 tarantellas
  A deep troll zombie (Vaults:2)
  A hydra skeleton (Crypt:2)
  3 dream sheep (Lair:3)
  A snapping turtle (shapeshifter) (Vaults:5)
  13 jumping spiders
  4 culicivoras
  A satyr zombie (Crypt:3)
  A spriggan skeleton (Depths:1)
  11 slime creatures
  A jumping spider (shapeshifter) (D:14)
  6 spriggans
  A vampire (D:9)
  2 ettin skeletons
  9 water elementals
  2 wraiths
  16 yaks
  A fire elemental (Depths:1)
  6 basilisks
  A neqoxec (Zot:2)
  A steam dragon (D:8)
  A hog (D:11)
  3 small abominations (Lair:5)
  18 redbacks
  A chaos spawn (D:5)
  9 vampire mosquitoes
  A swamp worm (shapeshifter) (Vaults:2)
  3 wargs
  10 swamp worms
  4 water moccasins
  2 hell hounds (Hell)
  A glowing shapeshifter skeleton (Vaults:2)
  6 swamp drakes
  12 orc warriors
  A swamp dragon zombie (Crypt:1)
  4 boggarts
  5 wolves
  2 ogres
  A centaur (D:11)
  4 bullfrogs
  3 necrophages
  An earth elemental (Elf:1)
  A scorpion (D:9)
  A wight (D:9)
  An elephant simulacrum (IceCv)
  4 howler monkeys
  A yak skeleton (Crypt:3)
  A shapeshifter skeleton (Crypt:2)
  A jelly (Lair:5)
  4 orc priests
  4 orc wizards (Orc:2)
  2 hell rats
  A naga zombie (Crypt:3)
  A howler monkey skeleton (Crypt:2)
  5 white imps (Lair:1)
  14 orcs
  An endoplasm zombie (Crypt:1)
  A creeping inferno (Hell)
  A fire vortex (Hell)
  A tentacle (Hell)
946 creatures vanquished.

Vanquished Creatures (others)
  A deep elf blademaster (Elf:3)
  A death cob (Zot:3)
  A green draconian (Zot:3)
  A blizzard demon (Hell)
  A bog body (Swamp:1)
  An ironbound convoker (Desolation)
  A wizard (Vaults:4)
  2 deep elf zephyrmancers
  An ugly thing (D:15)
  A yaktaur (Vaults:4)
  An anaconda simulacrum (Hell)
  2 bloated husks (Swamp:2)
  A saltling (Desolation)
  2 boggarts
  4 ancestors (D:10)
  91 battlemagi
  An orc wizard (Orc:2)
  2 fire vortices (Hell)
  18 foxfires
  A tentacle (Hell)
134 creatures vanquished.

Grand Total: 2421 creatures vanquished

Notes
Turn   | Place    | Note
-------+----------+-------------------------------------------
     0 | D:5      | freelancePsychic the Demonspawn Delver began the quest for
                  | the Orb.
     0 | D:5      | Reached XP level 1. HP: 18/18 MP: 1/1
    46 | D:5      | Noticed an orc wizard
    65 | D:6      | Noticed an iguana
    65 | D:6      | Noticed a phantom
   181 | D:2      | Found a faded altar of an unknown god.
   343 | D:2      | Gained mutation: You have large cloven feet. [demonic
                  | ancestry]
   343 | D:2      | Reached XP level 2. HP: 24/24 MP: 2/2
   987 | D:2      | Reached XP level 3. HP: 26/29 MP: 3/3
  2017 | D:3      | Gained mutation: You have hoof-like feet. [demonic
                  | ancestry]
  2017 | D:3      | Reached XP level 4. HP: 12/35 MP: 4/4
  2664 | D:4      | Reached skill level 1 in Long Blades
  2669 | D:4      | Found a snail-covered altar of Cheibriados.
  2678 | D:4      | Reached XP level 5. HP: 42/42 MP: 5/5
  2999 | D:5      | Reached skill level 1 in Polearms
  2999 | D:5      | Gained mutation: You are partially covered in yellow
                  | scales. (AC +2) [demonic ancestry]
  2999 | D:5      | Reached XP level 6. HP: 41/48 MP: 6/6
  3099 | D:5      | Noticed a water moccasin
  3256 | D:5      | Noticed a vampire
  3395 | D:5      | Reached XP level 7. HP: 33/55 MP: 7/7
  3400 | D:5      | Reached skill level 5 in Fighting
  3967 | D:5      | Killed a vampire
  4075 | D:5      | Reached skill level 5 in Polearms
  4182 | D:6      | Gained mutation: You are mostly covered in yellow scales.
                  | (AC +3) [demonic ancestry]
  4182 | D:6      | Reached XP level 8. HP: 59/64 MP: 8/8
  4220 | D:6      | Found Veyrecef's Antique Armour Boutique.
  4286 | D:6      | Bought a glowing ring mail for 182 gold pieces
  5006 | D:7      | Found a broken altar of Ashenzari.
  5447 | D:7      | Gained mutation: You regenerate magic rapidly. [demonic
                  | ancestry]
  5447 | D:7      | Reached XP level 9. HP: 64/72 MP: 9/9
  5475 | D:7      | Found a staircase to the Ecumenical Temple.
  5482 | Temple   | Entered the Ecumenical Temple
  5553 | Temple   | Became a worshipper of Hepliaklqana the Forgotten
  5890 | D:8      | Found a radiant altar of Vehumet.
  6047 | D:8      | Noticed a troll
  6048 | D:8      | Noticed an efreet
  6176 | D:8      | Killed an efreet
  6239 | D:8      | Noticed a meliai
  6268 | D:8      | Killed an unseen horror
  6585 | D:8      | Reached * piety under Hepliaklqana
  7164 | D:9      | Reached XP level 10. HP: 49/73 MP: 10/10
  7170 | D:9      | Reached skill level 10 in Polearms
  7510 | D:9      | Reached ** piety under Hepliaklqana
  7699 | D:9      | Found a blossoming altar of Fedhas.
  7894 | D:9      | Found a staircase to the Lair.
  8235 | D:10     | Entered Level 10 of the Dungeon
  8346 | D:10     | Noticed a two-headed ogre
  8346 | D:10     | Noticed a boulder beetle
  8389 | D:10     | Killed a boulder beetle
  8390 | D:10     | Reached skill level 10 in Fighting
  8420 | D:10     | Killed a two-headed ogre
  8469 | D:10     | Identified the +0 chain mail of Ifagahen {Str+4}
  8505 | D:10     | Reached XP level 11. HP: 81/81 MP: 11/11
  8521 | D:10     | Noticed a two-headed ogre
  8528 | D:10     | Killed a two-headed ogre
  8836 | D:10     | Reached *** piety under Hepliaklqana
  8874 | D:10     | Noticed Lodul
  8886 | D:10     | Killed Lodul
  9217 | D:10     | Paralysed by a hornet for 1 turns
  9400 | D:10     | Remembered your ancestor Ayize as a battlemage
  9532 | D:11     | Found a staircase to the Orcish Mines.
  9583 | D:11     | Noticed Sonja
  9585 | D:11     | Sonja changed into Sonja the hog
  9585 | D:11     | Noticed Sonja
  9592 | D:11     | Killed Sonja the hog
  9881 | D:11     | Found Mekatys's Magic Scroll Shop.
  9902 | D:11     | Bought a scroll of blinking for 112 gold pieces
  9902 | D:11     | Bought a scroll of teleportation for 45 gold pieces
  9902 | D:11     | Bought a scroll of teleportation for 45 gold pieces
  9902 | D:11     | Bought a scroll of teleportation for 45 gold pieces
 10425 | D:12     | Noticed a two-headed ogre
 10437 | D:12     | Killed a two-headed ogre
 10526 | Lair:1   | Entered Level 1 of the Lair of Beasts
 10638 | Lair:1   | Found a frozen archway.
 10782 | IceCv    | Entered an ice cave
 10788 | IceCv    | Reached skill level 1 in Invocations
 10820 | IceCv    | Identified a scroll of acquirement
 10820 | IceCv    | Acquired a manual of Fighting
 10824 | IceCv    | Noticed a white ugly thing
 11164 | Lair:1   | Reached XP level 12. HP: 84/96 MP: 14/14
 11378 | Lair:1   | Reached **** piety under Hepliaklqana
 11492 | Lair:1   | Reached skill level 5 in Invocations
 11801 | Lair:2   | Noticed Erica
 11812 | Lair:2   | Killed Erica
 11911 | Lair:2   | Identified the +0 robe of the Lute {Fly rC++ Regen+ Dex-3}
 11931 | Lair:2   | Reached skill level 15 in Fighting
 12002 | Lair:2   | Found a hole to the Spider Nest.
 12191 | Lair:2   | Noticed an eight-headed hydra
 12194 | Lair:2   | Reached skill level 5 in Dodging
 12203 | Lair:2   | Killed an eight-headed hydra
 12215 | Lair:2   | Noticed a death yak
 12236 | Lair:2   | Killed a death yak
 12321 | Lair:2   | Noticed a death yak
 12347 | Lair:2   | Killed a death yak
 12515 | Lair:2   | Noticed a death yak
 12525 | Lair:2   | Killed a death yak
 12526 | Lair:2   | Gained mutation: You have hooves in place of feet. [demonic
                  | ancestry]
 12526 | Lair:2   | Reached XP level 13. HP: 85/106 MP: 19/19
 13360 | Lair:2   | Reached skill level 10 in Invocations
 14218 | Lair:3   | Found a staircase to the Swamp.
 15068 | Lair:4   | Noticed Snorg
 15082 | Lair:4   | Killed Snorg
 15136 | Lair:4   | Reached skill level 1 in Evocations
 16142 | Lair:4   | Reached XP level 14. HP: 117/117 MP: 22/22
 16243 | Lair:5   | Entered Level 5 of the Lair of Beasts
 16414 | Lair:5   | Reached ***** piety under Hepliaklqana
 16640 | Lair:5   | Acquired the +0 helmet "Qywois" {rPois rF+ Dex+2 Stlth+}
 16934 | Lair:5   | Reached skill level 5 in Evocations
 17273 | Lair:5   | Found a staircase to the Slime Pits.
 17273 | Lair:5   | Found a viscous altar of Jiyva.
 17660 | Lair:5   | Reached skill level 10 in Dodging
 18095 | Lair:5   | Found a corrupted altar of Lugonu.
 18095 | Lair:5   | Found a one-way gate to the infinite horrors of the Abyss.
 18624 | Orc:1    | Entered Level 1 of the Orcish Mines
 18723 | Orc:2    | Entered Level 2 of the Orcish Mines
 18775 | Orc:2    | Noticed Urug
 19325 | Orc:2    | Noticed Blork the orc
 19437 | Orc:2    | Killed Blork the orc
 19438 | Orc:2    | Reached skill level 1 in Armour
 19521 | Orc:2    | Paralysed by Urug for 5 turns
 19531 | Orc:2    | Killed Urug
 19532 | Orc:2    | Reached skill level 2 in Armour
 19571 | Orc:2    | Noticed an orc warlord
 19680 | Orc:2    | Reached XP level 15. HP: 83/125 MP: 7/23
 20170 | Orc:2    | Found Maineodd's General Store.
 20179 | Orc:2    | Bought a scroll of poison for 56 gold pieces
 20187 | Orc:2    | Found Gamad's Book Shop.
 20496 | Orc:2    | Found a staircase to the Elven Halls.
 20603 | Orc:2    | Found Wapsuwu's Antique Weapon Shop.
 20615 | Orc:2    | Found Qoutseh's Antique Armour Shop.
 20839 | Orc:1    | Found Isek's Magic Scroll Emporium.
 20852 | Orc:1    | Reached skill level 3 in Armour
 20925 | Orc:2    | Reached skill level 1 in Shields
 21254 | Orc:1    | Bought a scroll of teleportation for 36 gold pieces
 21254 | Orc:1    | Bought a scroll of enchant armour for 90 gold pieces
 21474 | D:12     | Noticed Nessos
 21480 | D:12     | Killed Nessos
 21537 | D:12     | Identified the +2 ring mail of Poor Excuses {rElec rPois
                  | rN++ Int-5}
 21641 | D:12     | Found Vifitaf's Assorted Antiques.
 21647 | D:12     | Bought a bloodstained plate armour for 728 gold pieces
 21647 | D:12     | Identified the +6 plate armour of Recklessness {Will+++
                  | Str+4 Stlth-} (You bought it in a shop on level 12 of the
                  | Dungeon)
 21681 | D:12     | Noticed Jorgrun
 21694 | D:12     | Killed Jorgrun
 22048 | D:12     | Reached skill level 4 in Armour
 22700 | D:13     | Noticed Erolcha
 22717 | D:13     | Killed Erolcha
 22851 | D:13     | Noticed Azrael
 22872 | D:14     | Noticed Josephine
 22941 | D:13     | Killed Azrael
 23103 | D:13     | Reached skill level 5 in Armour
 23641 | D:14     | Found a shimmering altar of Xom.
 23661 | D:14     | Upgraded the game from 0.31-a0-507-gbafd7f5274 to
                  | 0.31-a0-521-gc7390f8997
 24347 | D:14     | Found a gate to the Vaults.
 24488 | D:14     | Reached skill level 5 in Shields
 24512 | D:14     | Reached skill level 6 in Armour
 24690 | D:14     | Killed Josephine
 24891 | D:15     | Entered Level 15 of the Dungeon
 25654 | D:15     | Gained mutation: You punish those that try to bend your
                  | will. (Will+) [demonic ancestry]
 25654 | D:15     | Reached XP level 16. HP: 131/131 MP: 8/24
 25886 | D:15     | Found a staircase to the Depths.
 26369 | Swamp:1  | Entered Level 1 of the Swamp
 26456 | Swamp:1  | Reached skill level 7 in Armour
 26461 | Swamp:1  | Reached ****** piety under Hepliaklqana
 27391 | Swamp:2  | Noticed a thorn hunter
 27399 | Swamp:2  | Killed a thorn hunter
 27568 | Swamp:2  | Identified the +0 leather armour of the Saviour {Rampage}
 27774 | Swamp:2  | Reached skill level 8 in Armour
 28089 | Swamp:2  | Noticed Roxanne
 28640 | Swamp:3  | Reached skill level 9 in Armour
 29907 | Spider:1 | Entered Level 1 of the Spider Nest
 30026 | Spider:1 | Noticed Nikola
 30039 | Spider:1 | Killed Nikola
 30148 | Spider:1 | Reached skill level 10 in Armour
 30310 | Spider:1 | Reached XP level 17. HP: 137/137 MP: 4/25
 30785 | Spider:1 | Reached skill level 10 in Shields
 30982 | Spider:2 | Noticed Arachne
 30995 | Spider:2 | Killed Arachne
 31465 | Spider:2 | Noticed Mlioglotl
 31473 | Spider:2 | Killed Mlioglotl
 31496 | Spider:2 | Reached skill level 11 in Armour
 32513 | Spider:3 | Noticed Agnes
 32526 | Spider:3 | Killed Agnes
 33039 | Spider:4 | Entered Level 4 of the Spider Nest
 34180 | Swamp:4  | Entered Level 4 of the Swamp
 34502 | Swamp:4  | Reached skill level 12 in Armour
 35259 | Swamp:4  | Gained mutation: Spells you cast may paralyse adjacent
                  | enemies. [demonic ancestry]
 35259 | Swamp:4  | Reached XP level 18. HP: 122/144 MP: 8/26
 35384 | Swamp:4  | Noticed the 27-headed Lernaean hydra
 35388 | Swamp:4  | Killed the 27-headed Lernaean hydra
 35436 | Swamp:4  | Got a decaying rune of Zot
 35752 | Spider:4 | Reached skill level 10 in Evocations
 36324 | Spider:4 | Reached skill level 13 in Armour
 36392 | Spider:4 | Got a gossamer rune of Zot
 36993 | Elf:1    | Entered Level 1 of the Elven Halls
 36993 | Elf:1    | Found Duacof's Specific Store.
 36993 | Elf:1    | Found Addetera's General Store.
 36999 | Elf:1    | Bought a scroll of blinking for 112 gold pieces
 37003 | Elf:1    | Bought a scroll of teleportation for 51 gold pieces
 37003 | Elf:1    | Bought a scroll of poison for 68 gold pieces
 37003 | Elf:1    | Bought a scroll of immolation for 68 gold pieces
 37362 | Elf:1    | Found Adixidus's General Store.
 37365 | Elf:1    | Bought a scroll of blinking for 120 gold pieces
 37365 | Elf:1    | Bought a potion of cancellation for 128 gold pieces
 37596 | Elf:1    | Paralysed by an air elemental for 1 turns
 37602 | Elf:1    | Paralysed by an air elemental for 1 turns
 37897 | Elf:1    | Got Hiot's Precepts of Damage
 38274 | Elf:2    | Noticed Norris
 38310 | Elf:2    | Paralysed by an air elemental for 1 turns
 38514 | Elf:2    | Paralysed by an air elemental for 1 turns
 38518 | Elf:2    | Paralysed by an air elemental for 1 turns
 38530 | Elf:2    | Paralysed by an air elemental for 1 turns
 38535 | Elf:2    | Paralysed by an air elemental for 1 turns
 38579 | Elf:2    | Killed Norris
 38620 | Elf:2    | Reached skill level 14 in Armour
 38843 | Elf:2    | Found a runed translucent gate.
 38843 | Elf:2    | Found a runed translucent gate.
 38844 | Elf:2    | Found a runed translucent gate.
 39167 | Elf:2    | Gained mutation: When hurt, damage is shared between your
                  | health and your magic reserves. [demonic ancestry]
 39167 | Elf:2    | Reached XP level 19. HP: 145/150 MP: 9/27
 39330 | Elf:3    | Entered Level 3 of the Elven Halls
 39699 | Elf:3    | Identified the +10 spear of Vauffuh {flame, rC+ Int+3
                  | Dex+3}
 39888 | Elf:3    | Identified the staff "Appu" {Fragile rPois Str+2 Dex+2
                  | Poison}
 39894 | Elf:3    | Identified the +0 ring mail of Leapfrog {-Tele Will+ Slay+5
                  | Stlth+}
 40357 | Elf:3    | Paralysed by an air elemental for 1 turns
 40359 | Elf:3    | Paralysed by an air elemental for 1 turns
 40427 | Elf:3    | Found Qewnam's Jewellery Boutique.
 40484 | Elf:3    | Bought the amulet of Vitality {RegenMP++ Regen++} for 1200
                  | gold pieces
 40484 | Elf:3    | Found the amulet of Vitality {RegenMP++ Regen++}
 40835 | Depths:1 | Entered Level 1 of the Depths
 40986 | D:15     | Reached skill level 15 in Armour
 41340 | Depths:1 | Reached skill level 15 in Shields
 41367 | Depths:1 | Found Ynweom's Book Boutique.
 41367 | Depths:1 | Found Oqupitop's Jewellery Emporium.
 41368 | Depths:1 | Found Wuh Xore's Book Boutique.
 41464 | Depths:1 | Found a stormy altar of Qazlal.
 41627 | Depths:1 | Found a snail-covered altar of Cheibriados.
 41672 | Depths:1 | Found a gateway to Hell.
 41686 | Depths:1 | Identified the +6 demon whip of Ascent {flame, *Corrode
                  | Will- Dex+9}
 42027 | Depths:2 | Gained mutation: Spells you cast may paralyse nearby
                  | enemies. [demonic ancestry]
 42027 | Depths:2 | Reached XP level 20. HP: 141/158 MP: 9/28
 42238 | Depths:2 | Found a hide-covered altar of Uskayaw.
 42326 | Depths:2 | Found a one-way gate leading to the halls of Pandemonium.
 42493 | Depths:2 | Noticed a caustic shrike
 42500 | Depths:2 | Noticed a caustic shrike
 42511 | Depths:2 | Killed a caustic shrike
 42521 | Depths:2 | Killed a caustic shrike
 42579 | Depths:2 | Found a stormy altar of Qazlal.
 42725 | Depths:2 | Reached skill level 16 in Armour
 42750 | Depths:2 | Found a one-way gateway to a ziggurat.
 43069 | Depths:3 | Found a runed translucent door.
 43070 | Depths:3 | Noticed a caustic shrike
 43091 | Depths:3 | Killed a caustic shrike
 43106 | Depths:3 | Noticed a juggernaut
 43111 | Depths:3 | Killed a juggernaut
 43224 | Depths:3 | Noticed a golden dragon
 43243 | Depths:3 | Killed a golden dragon
 43272 | Depths:3 | Identified the ring "Repoumav" {rN++ EV+5 Stlth+}
 43286 | Depths:3 | Found a runed translucent door.
 43297 | Depths:3 | Found a runed translucent door.
 43300 | Depths:3 | Found a runed translucent door.
 43373 | Depths:3 | Identified the ring of the Final Decision {rF++ rC+ MP+9}
 43401 | Depths:3 | Identified the +0 plate armour of the Serpent {rElec rPois
                  | Str+3}
 43402 | Depths:3 | Identified the +2 sling "Trog's Outrage" {elec, Drain
                  | Will++ Str+3}
 43417 | Depths:3 | Identified the +8 great sword of Peges {drain, rF+ rN+}
 43418 | Depths:3 | Identified the ring "Riqairgh" {rC+ Will+ rCorr Str-4
                  | Int+3}
 43958 | Depths:3 | Reached skill level 17 in Armour
 44075 | Depths:3 | Noticed Louise
 44091 | Depths:3 | Killed Louise
 44430 | Depths:4 | Entered Level 4 of the Depths
 45331 | Depths:4 | Noticed a bone dragon
 45341 | Depths:4 | Killed a bone dragon
 45342 | Depths:4 | Reached XP level 21. HP: 164/164 MP: 13/30
 45607 | Depths:4 | Found a gate to the Realm of Zot.
 45709 | Hell     | Entered the Vestibule of Hell
 45709 | Hell     | Noticed Geryon
 45725 | Hell     | Noticed Murray
 45902 | Depths:4 | Found a gate to the Realm of Zot.
 46205 | Depths:4 | Killed Murray
 46496 | Depths:4 | Reached skill level 15 in Invocations
 46914 | Hell     | Gained mutation: Your magical capacity is low. (-10% MP) [a
                  | cacodemon]
 47268 | Hell     | Killed Geryon
 47276 | Hell     | Reached skill level 15 in Evocations
 47294 | Hell     | Found a gateway to the Iron City of Dis.
 47357 | Hell     | Found a gateway to the decaying netherworld of Tartarus.
 47434 | Hell     | Found a gateway to the freezing wastes of Cocytus.
 47551 | Hell     | Found a gateway to the ashen valley of Gehenna.
 48427 | Vaults:1 | Entered Level 1 of the Vaults
 48449 | Vaults:1 | Reached skill level 1 in Maces & Flails
 48449 | Vaults:1 | Reached skill level 1 in Necromancy
 48515 | Vaults:1 | Found a crumbling gateway.
 48521 | Desolati | Entered the Desolation of Salt
 48605 | Desolati | Identified the ring "Votec" {*Corrode Fly rF+ Int+4}
 48613 | Desolati | Got the Vellum of the Charmed Chill
 48617 | Desolati | Got the Vademecum on the Charnel House
 48715 | Desolati | Reached skill level 5 in Necromancy
 48896 | Desolati | Reached skill level 5 in Maces & Flails
 48910 | Desolati | Got the Volume of the Frozen Barrage
 49093 | Desolati | Identified the ring "Xahaamn" {Fly Str+6 Int-2 SInv}
 49108 | Desolati | Got the Spellbook of Bewitchment
 49134 | Desolati | Got the Collected Works on Viperous Transfiguration
 49434 | Vaults:1 | Gained mutation: You are resistant to unholy torment.
                  | [demonic ancestry]
 49434 | Vaults:1 | Reached XP level 22. HP: 96/171 MP: 29/31
 49504 | Vaults:1 | Paralysed by a formless jellyfish for 1 turns
 49892 | Vaults:1 | Identified the +8 falchion "Rouf" {heavy, *Noise rCorr
                  | Str+2}
 49896 | Vaults:1 | Identified the +3 hand axe of the Lame Duck {flame, +Blink
                  | MP+9 Dex-3 SInv}
 51785 | Vaults:2 | Found a staircase to the Crypt.
 51924 | Vaults:3 | Noticed Margery
 51941 | Vaults:3 | Killed Margery
 52007 | Vaults:3 | Reached skill level 10 in Maces & Flails
 52055 | Vaults:3 | Noticed Mara
 52058 | Vaults:3 | Noticed freelancePsychic's illusion
 52071 | Vaults:3 | Killed Mara
 52172 | Vaults:3 | Found Anaumme's Weapon Emporium.
 52647 | Vaults:3 | Noticed Boris
 52824 | Vaults:3 | Killed Boris
 53007 | Vaults:4 | Noticed Bai Suzhen
 53012 | Vaults:4 | Killed Bai Suzhen
 53018 | Vaults:4 | Reached skill level 10 in Necromancy
 53204 | Vaults:4 | Gained mutation: You are completely covered in yellow
                  | scales. (AC +4, rCorr) [demonic ancestry]
 53204 | Vaults:4 | Reached XP level 23. HP: 176/176 MP: 31/31
 53354 | Vaults:4 | Noticed a dread lich
 53369 | Vaults:4 | Killed a dread lich
 53879 | Vaults:4 | Found the +5 glaive of the Guard {elec, spectral, AC+5}
 54274 | Vaults:5 | Entered Level 5 of the Vaults
 54277 | Vaults:5 | Noticed a dread lich
 54300 | Vaults:5 | Killed a dread lich
 54320 | Vaults:5 | Identified the +9 war axe of Foul Odours {flame, Will+
                  | Int+2}
 54388 | Vaults:5 | Identified the ring "Jick" {rPois MP+9 Int+2}
 54990 | Vaults:5 | Noticed an ancient lich
 55009 | Vaults:5 | Killed an ancient lich
 55045 | Vaults:5 | Gained mutation: When low on magic, you restore magic in
                  | place of health. [demonic ancestry]
 55045 | Vaults:5 | Reached XP level 24. HP: 183/183 MP: 31/31
 55150 | Vaults:5 | Got a silver rune of Zot
 55268 | Vaults:5 | Found Repiy's Antique Armour Emporium.
 55596 | Vaults:5 | Identified the +3 fire dragon scales of Qatamioriu {rElec
                  | rF++ rC- Str+4 Dex+4}
 55832 | Vaults:5 | Got the Parchment of the Brume and Enchantment
 55959 | Crypt:1  | Entered Level 1 of the Crypt
 56118 | Crypt:1  | Reached skill level 15 in Maces & Flails
 57094 | Crypt:2  | Noticed Sojobo
 57105 | Crypt:2  | Killed Sojobo
 57450 | Crypt:2  | Noticed Mennas
 57823 | Crypt:2  | Killed Mennas
 58256 | Crypt:3  | Entered Level 3 of the Crypt
 58985 | Crypt:3  | Found a staircase to the Tomb.
 59165 | Crypt:3  | Found the +3 greatsling "Punk" {acid, rCorr}
 59268 | Crypt:3  | Reached skill level 18 in Armour
 59288 | Crypt:3  | Identified the +1 arbalest of Dismemberment {heavy, rC+
                  | Dex+3}
 59292 | Crypt:3  | Reached skill level 15 in Necromancy
 59320 | Crypt:3  | Identified the +6 shortbow "Ufifu" {antimagic, rF+++ Str-3
                  | Int+6}
 59326 | Crypt:3  | Got the Discursus on Profane Spells
 59691 | Zot:1    | Entered Level 1 of the Realm of Zot
 59693 | Zot:1    | Noticed Grunn
 59714 | Zot:1    | Killed Grunn
 60077 | Zot:1    | Noticed Vv
 60086 | Zot:1    | Killed Vv
 60087 | Zot:1    | Reached XP level 25. HP: 189/189 MP: 31/31
 60494 | Zot:2    | Found the necklace of Bloodlust {Fury *Rage Will++ Int-3
                  | Slay+6}
 60532 | Zot:2    | Noticed an ancient lich
 60584 | Zot:2    | Learned a level 6 spell: Death Channel
 60618 | Zot:2    | Reached skill level 19 in Armour
 60628 | Zot:2    | Killed an ancient lich
 60641 | Zot:2    | Found a stormy altar of Qazlal.
 60664 | Zot:2    | Identified the +0 hat of Resourcefulness {rPois}
 61059 | Zot:3    | Identified the ring of Xeesh {Ice rN+ Int+3 Dex+4}
 61500 | Zot:3    | Identified the +7 battleaxe of Res Judicata {spect, rCorr
                  | Int+3 Dex+2}
 61567 | Zot:3    | Found a runed translucent gate.
 61646 | Zot:3    | Found a runed translucent gate.
 61646 | Zot:3    | Found a runed translucent gate.
 61646 | Zot:3    | Noticed Deah Kuhairgh's ghost (legendary GnIE)
 61646 | Zot:3    | Noticed Pessaschasee's ghost (legendary HOFi)
 61698 | Zot:3    | Found the +4 dragonskin cloak
 61698 | Zot:3    | Noticed Tiamat
 61727 | Zot:3    | Killed Tiamat
 62017 | Zot:4    | Noticed a Killer Klown
 62025 | Zot:4    | Killed a Killer Klown
 62045 | Zot:4    | Noticed an orb of fire
 62213 | Zot:4    | Reached skill level 20 in Armour
 62759 | Zot:4    | Killed an orb of fire
 62940 | Zot:5    | Entered Level 5 of the Realm of Zot
 62941 | Zot:5    | Noticed an orb of fire
 62942 | Zot:5    | Gained mutation: You have hidden genetic defects. [an orb
                  | of fire]
 62944 | Zot:5    | Gained mutation: Your magical capacity is very low. (-20%
                  | MP) [an orb of fire]
 62945 | Zot:5    | Gained mutation: You occasionally lose the ability to read
                  | scrolls when taking damage. [an orb of fire]
 62950 | Zot:5    | Killed an orb of fire
 62953 | Zot:5    | Reached skill level 21 in Armour
 62953 | Zot:5    | Lost mutation: You occasionally lose the ability to read
                  | scrolls when taking damage. [potion of mutation]
 62953 | Zot:5    | Lost mutation: You have hidden genetic defects. [potion of
                  | mutation]
 62953 | Zot:5    | Lost mutation: Your magical capacity is very low. (-20% MP)
                  | [potion of mutation]
 62953 | Zot:5    | Gained mutation: You are clumsy. (Dex -2) [potion of
                  | mutation]
 62953 | Zot:5    | Gained mutation: You expend magic power (3 MP) to
                  | strengthen your wands. [potion of mutation]
 63039 | Zot:5    | Gained mutation: Spells you cast and wands you use may
                  | paralyse nearby enemies. [demonic ancestry]
 63039 | Zot:5    | Reached XP level 26. HP: 194/196 MP: 31/31
 63115 | Zot:5    | Noticed an orb of fire
 63128 | Zot:5    | Killed an orb of fire
 63154 | Zot:5    | Noticed a dread lich
 63161 | Zot:5    | Killed a dread lich
 63177 | Zot:5    | Reached skill level 22 in Armour
 63177 | Zot:5    | Noticed an orb of fire
 63186 | Zot:5    | Gained mutation: Armour fits poorly on your strangely
                  | shaped body. [an orb of fire]
 63186 | Zot:5    | Noticed a dread lich
 63190 | Zot:5    | Killed an orb of fire
 63352 | Zot:5    | Killed a dread lich
 63593 | Zot:5    | Gained mutation: Your spells are a little easier to cast,
                  | but a little less powerful. [mutagenic glow]
 63601 | Zot:5    | Noticed a dread lich
 63610 | Zot:5    | Gained mutation: Your magical capacity is very low. (-20%
                  | MP) [mutagenic glow]
 63614 | Zot:5    | Killed a dread lich
 63633 | Zot:5    | Noticed an ancient lich
 63642 | Zot:5    | Killed an ancient lich
 63663 | Zot:5    | Noticed an orb of fire
 63673 | Zot:5    | Noticed a dread lich
 63687 | Zot:5    | Gained mutation: You are weak. (Str -2) [an orb of fire]
 63795 | Zot:5    | Killed an orb of fire
 63815 | Zot:5    | Noticed an ancient lich
 63825 | Zot:5    | Killed an ancient lich
 63843 | Zot:5    | Killed a dread lich
 63870 | Zot:5    | Noticed a dread lich
 63877 | Zot:5    | Killed a dread lich
 63886 | Zot:5    | Noticed an ancient lich
 63894 | Zot:5    | Killed an ancient lich
 64076 | Zot:5    | Got the Orb of Zot
 64440 | Depths:4 | Noticed Saonilom the pandemonium lord
 64607 | D:14     | Gained mutation: You are vulnerable to cold. (rC-) [a
                  | cacodemon]
 64610 | D:13     | Lost mutation: You are weak. (Str -2) [potion of mutation]
 64610 | D:13     | Lost mutation: Your magical capacity is very low. (-20% MP)
                  | [potion of mutation]
 64610 | D:13     | Lost mutation: Your magical capacity is low. (-10% MP)
                  | [potion of mutation]
 64610 | D:13     | Gained mutation: You have a pair of small horns on your
                  | head. [potion of mutation]
 64610 | D:13     | Gained mutation: You have a pair of horns on your head.
                  | [potion of mutation]
 64610 | D:13     | Gained mutation: Your flesh is heat resistant. (rF+)
                  | [potion of mutation]
 64878 | D:1      | Noticed Boris
 64910 | D:$      | Escaped with the Orb!

Illustrated notes

Levels and vault maps discovered:
D:1:      roderic_chinese_lattice_arrival, layout_basic
D:2:      layout_rooms, shapermc_ecumenical_altar_notcrosses,
          kennysheep_big_empty_room, kennysheep_another_room,
          minmay_goblin_kobold_house
D:3:      layout_rooms, kennysheep_generic_room_3
D:4:      layout_gridville, supply_closet_lemuel, minmay_ruined_shrine
D:5:      cheibrodos_two_vegetables, layout_loops_ring
D:6:      layout_cave_pods, serial_shops, shop_statue
D:7:      layout_cave_pools, nicolae_ashenzari_skybound,
          minmay_temple_entry_statues, st_stairs_7, roderic_nine_men_s_morris
D:8:      kennysheep_blocky_room, layout_gridville, vehumet_statue
D:9:      layout_irregular_city, fedhas_altar_1, grunt_lair_entry_orc_guard_hut,
          serial_co_window_serial, co_window_of_opportunity_a,
          co_window_corner_a, co_window_paths_a, co_window_cross_1,
          co_window_paths_a, co_window_of_opportunity_a, co_window_corner_cb,
          co_window_unsneaky_path_c, co_window_broadway_b, co_window_broadway_b,
          glass_columns_c, glass_columns_a
D:10:     minmay_ornate_pinched, layout_loops_ring, uniq_lodul
D:11:     layout_rooms, orc_0_dummy, serial_shops, shop, uniq_sonja
D:12:     layout_irregular_city, serial_shops, shop, uniq_nessos, uniq_jorgrun
D:13:     layout_roguey, uniq_azrael, uniq_erolcha
D:14:     layout_loops_cross, hellmonk_vaults_attempted_burglary,
          serial_park_square1 [serial_park_minivault_5x5_4],
          hangedman_feature_mirror, minivault_25,
          nicolae_concentric_dashed_squares_mild, library_closet, uniq_josephine
D:15:     grunt_enter_depths_snipers, layout_layer_cave,
          corexii_leaking_fountain
Temple:   nicolae_temple_bog_church
Lair:1:   layout_gridlike, portal_ice_cave_entry_imps, minivault_23
Lair:2:   layout_small_grid, spider_nest_entry_a, minmay_shattered_shrine,
          grunt_megastairs_5, lemuel_fruit_tree, uniq_erica
Lair:3:   layout_hall_layers, palyth_hydra_swamp_entry,
          chequers_serial_rivers_room_b
Lair:4:   layout_gridlike, serial_bayou_pond_c, st_stairs_4, minivault_24,
          serial_bayou_pond_e, uniq_snorg
Lair:5:   hellmonk_lair_end_abyssal_woods, layout_gridlike,
          nicolae_slime_entry_slimehenge
Swamp:1:  layout_basic_swamp, evilmike_swamp_ruin_house_3
Swamp:2:  layout_basic_swamp, evilmike_swamp_ruin_house_6, uniq_roxanne
Swamp:3:  layout_basic_swamp, nicolae_swamp_some_circles, swamp_pool5,
          beargit_elvish_explorers, infiniplex_staircase_pool_2
Swamp:4:  swamp_basic_johnstein, layout_basic_swamp
Spider:1: layout_spider_delve, drop_trap, nicolae_spider_nook, uniq_nikola
Spider:2: layout_spider_delve, uniq_mlioglotl, uniq_arachne
Spider:3: layout_spider_delve, uniq_agnes
Spider:4: guppyfry_spider_rune, nicolae_spider_world_wide_web
Orc:1:    layout_diamond_mine, basic_altar, serial_shops, shop
Orc:2:    grunt_orc_cross, layout_diamond_mine
Elf:1:    layout_loops_ring, serial_shops, nicolae_shop_tiny_real_fake_doors,
          minmay_elf_annihilation, nicolae_specific_store
Elf:2:    elven_hall_of_blades_hangedman_original
          [nicolae_blade_entry_sentries_behind_glass], layout_geoelf_diagonals,
          amethyst_killhole, uniq_norris
Elf:3:    minmay_elf_hall_dome, layout_geoelf_grid, serial_shops,
          nicolae_shop_stone, grunt_megastairs_1
Vaults:1: portal_desolation_entry_nicolae_slug, nicolae_vaults_weapon_check,
          nicolae_vaults_tangram_1, vaults_standard_mumra_x, v_misc_13,
          v_misc_12, nicolae_vaults_house_2, v_pattern_2,
          vaults_mumra_minichess_inversion, vaults_dpeg_cross,
          layout_vaults_quadrants
Vaults:2: minmay_crypt_entry_skeletal_spiral, kb_rosetta, v_misc_18,
          nicolae_vaults_hallways_thing, nicolae_vaults_three_branches,
          nicolae_vaults_windows_and_doors_thing, v_misc_32,
          nicolae_vaults_closet_pinwheel_4, ontoclasm_vaults_hangar,
          grunt_vaults_focal, nicolae_vaults_border_crossing,
          nicolae_vaults_tetromino_T_2, layout_vaults_big_cross
Vaults:3: v_misc_22, nicolae_vaults_trapezoid_1, dpeg_vaults_monster_box,
          nicolae_vaults_double_plus_3, nicolae_vaults_house_2, v_misc_4,
          nicolae_vaults_theta, nicolae_vaults_trapezoid_lopsided_2,
          nicolae_vaults_meiosis, nicolae_vaults_shelves_hall,
          vaults_room_fours, ontoclasm_vaults_shuriken, layout_vaults_ring,
          serial_shops, nicolae_shop_bloodbath_and_beyond, uniq_boris,
          uniq_mara, uniq_margery
Vaults:4: ontoclasm_vaults_fault, vaults_standard_mumra_enter_the_diamond,
          hangedman_vaults_locks, v_pattern_5, nicolae_vaults_tetromino_T_2,
          nicolae_vaults_cornered_office, hangedman_vaults_restitches,
          nicolae_vaults_closet_pinwheel_5, vaults_room_semicircle,
          v_alt_pattern_4, v_misc_23, nicolae_vaults_trapezoid_1,
          minmay_guarded_unrand_guard_vaults, nicolae_vaults_circle_grid_b,
          layout_vaults_omnibox, uniq_bai_suzhen
Vaults:5: serial_shops
Crypt:1:  layout_chaotic_city, serial_sigils, serial_sigils_hangedman_stare,
          serial_sigils_hangedman_gut, serial_sigils_hangedman_gnaw,
          serial_sigils_hangedman_snap, serial_sigils_hangedman_gut,
          serial_sigils_hangedman_etch, nicolae_danse_macabre
Crypt:2:  layout_gridlike, st_stairs_3, palyth_stone_intersect,
          skrybe_necro_troll_1, uniq_sojobo, uniq_mennas
Crypt:3:  david_glass_crypt, layout_basic, tomb_entry_sphere_bobbens,
          minivault_19
Depths:1: layout_forbidden_donut, hellmouth_1, abyss_entry, lemuel_tele_altar,
          cheibriados_altar_1, minmay_shop_grove
Depths:2: minmay_skeletal_surprise, layout_gridlike, enter_ziggurat_f,
          pan_entry, hangedman_geh_valley, nicolae_uskayaw_dance_hall,
          argonaut_fire_from_heaven, infiniplex_staircase_hallway_doors,
          serial_bayou_shore_a
Depths:3: impenetrable_vault, layout_cave_pools, kennysheep_donut,
          nicolae_abyss_entry_one_way_or_another, pf_hell_entry_tar_spiral
Depths:4: evilmike_zot_entry_hall, layout_cave_pools, serial_bayou_lagoon_a,
          pf_coc_iceberg, abyss_entry_crystal
Hell
Zot:1:    layout_misc_corridors, grunt_megastairs_2, uniq_vv, uniq_grunn
Zot:2:    regret_index_qazlal_generations, layout_misc_corridors,
          skrybe_zot_glass_3
Zot:3:    layout_gridville, gammafunk_ghost_cemetery, skrybe_zot_glass_2,
          uniq_tiamat
Zot:4:    kennysheep_spiral_hall, layout_gridlike
Zot:5:    layout_cathedral_of_symmetry

Skill      XL: |  1  2  3  4  5  6  7  8  9 10 11 12 13 14 15 16 17 18 19 20 21 22 23 24 25 26 |
---------------+-------------------------------------------------------------------------------+-----
Short Blades   | 2 3 |  3.2
Dodging        | 2 6 8 10 | 10.7
Long Blades    | 1 2 |  2.2
Fighting       | 4 5 7 8 10 14 16 18 19 20 21 | 21.5
Polearms       | 1 3 5 7 9 11 12 13 14 | 14.0
Invocations    | 3 8 11 12 17 | 17.0
Evocations     | 3 7 8 9 10 12 14 15 | 15.0
Armour         | 2 6 10 12 14 15 17 18 21 22 | 22.0
Shields        | 5 9 12 13 15 16 17 | 17.0
Maces & Flails | 6 11 14 16 | 16.0
Necromancy     | 6 10 12 15 18 20 | 20.1
Stealth        | |  4.8

Action                     |  1- 3 |  4- 6 |  7- 9 | 10-12 | 13-15 | 16-18 | 19-21 | 22-24 | 25-27 || total
---------------------------+-------+-------+-------+-------+-------+-------+-------+-------+-------++-------
  Melee: Short sword       |   143 |    61 |       |       |       |       |       |       |       ||   204
         Kick              |    26 |    14 |    94 |   159 |   416 |   580 |   902 |   726 |   253 ||  3170
         Punch             |     3 |       |       |     7 |    11 |       |       |       |       ||    21
         Unarmed           |       |     2 |       |       |       |       |       |       |       ||     2
         Spear             |       |    40 |   292 |   141 |       |       |       |       |       ||   473
         Trident           |       |       |       |   347 |  1157 |  1540 |  1655 |       |       ||  4699
         Eveningstar       |       |       |       |       |       |       |   193 |  1357 |   544 ||  2094
         Headbutt          |       |       |       |       |       |       |       |       |     7 ||     7
   Fire: Sling             |       |    10 |       |       |       |       |       |       |       ||    10
  Throw: Javelin           |       |     2 |       |       |       |       |       |       |       ||     2
         Dart              |       |       |       |    12 |    20 |       |       |       |     2 ||    34
   Cast: Death Channel     |       |       |       |       |       |       |       |       |     6 ||     6
 Invoke: Ancestor Identity |       |       |     1 |       |       |       |       |       |       ||     1
         Ancestor Life: Ba |       |       |       |     1 |       |       |       |       |       ||     1
         Idealise          |       |       |       |     2 |     8 |    10 |    17 |     9 |    11 ||    57
         Recall Ancestor   |       |       |       |       |     2 |     1 |     1 |     5 |     4 ||    13
         Transference      |       |       |       |       |       |       |       |     1 |       ||     1
  Evoke: Wand              |       |       |     4 |     2 |    15 |     8 |    13 |     8 |     3 ||    53
         Phantom mirror    |       |       |       |       |     2 |     3 |     3 |     1 |     3 ||    12
         Condenser vane    |       |       |       |       |     1 |     2 |     5 |     1 |       ||     9
         Horn of Geryon    |       |       |       |       |       |       |     1 |     3 |     3 ||     7
         Box of beasts     |       |       |       |       |       |       |       |     4 |     2 ||     6
         Lightning rod     |       |       |       |       |       |       |       |     8 |       ||     8
    Use: Scroll            |     5 |     2 |     5 |    10 |    18 |     7 |     9 |    20 |    13 ||    89
         Potion            |     1 |     1 |       |     1 |     2 |     2 |    11 |    11 |    25 ||    54
   Stab: Sleeping          |     6 |     2 |     7 |     4 |    12 |       |       |     2 |     1 ||    34
         Paralysed         |       |       |     8 |       |     4 |     1 |       |       |     6 ||    19
         Distracted        |       |       |       |     8 |    31 |    31 |    40 |    37 |    22 ||   169
         Petrified         |       |       |       |       |     7 |       |       |       |     2 ||     9
         Invisible         |       |       |       |       |     2 |     3 |    16 |       |       ||    21
 Armour: Leather armour    |    24 |       |       |       |       |       |       |       |       ||    24
         Ring mail         |    19 |    40 |   110 |   116 |   147 |       |       |       |       ||   432
         Skin              |       |    14 |       |       |       |       |       |       |       ||    14
         Plate armour      |       |       |       |       |    78 |   489 |  1027 |   440 |       ||  2034
         Storm dragon scal |       |       |       |       |       |       |       |   179 |   298 ||   477
  Dodge: Dodged            |    69 |    39 |   108 |   118 |   368 |   510 |  1150 |   718 |   297 ||  3377
  Block: Other             |    19 |    22 |    39 |    56 |    93 |       |       |       |       ||   229
         Reflection        |       |     2 |     6 |     5 |     6 |    47 |    11 |       |       ||    77
         Kite shield       |       |       |       |       |    71 |  1078 |  1464 |   451 |   391 ||  3455
         Tower shield      |       |       |       |       |       |       |       |   787 |       ||   787

Table legend: (Time is in decaauts)
 A = Elapsed time spent in this place.
 B = Non-inter-level travel time spent in this place.
 C = Inter-level travel time spent in this place.
 D = Time resting spent in this place.
 E = Time spent auto-exploring this place.
 F = Levels seen in this place.
 G = Mean time per level.
                   A        B        C        D        E       F      G
               +--------+--------+--------+--------+--------+-----+--------+
         Total |  63559 |  57859 |   5700 |   2769 |  42450 |  54 | 1177.0 |
       Dungeon |  16085 |  14678 |   1407 |    754 |  11365 |  15 | 1072.3 |
        Temple |     83 |     75 |      8 |      0 |      0 |   1 |   83.0 |
          Lair |   8271 |   7591 |    680 |    136 |   6148 |   5 | 1654.2 |
         Swamp |   4991 |   4626 |    365 |    350 |   3466 |   4 | 1247.8 |
   Spider Nest |   5203 |   4810 |    393 |     92 |   3900 |   4 | 1300.8 |
  Orcish Mines |   2748 |   2451 |    297 |    198 |   1718 |   2 | 1374.0 |
   Elven Halls |   3690 |   3437 |    253 |     91 |   2562 |   3 | 1230.0 |
        Vaults |   7152 |   6541 |    611 |     60 |   4749 |   5 | 1430.4 |
         Crypt |   3094 |   2804 |    290 |    118 |   1873 |   3 | 1031.3 |
        Depths |   6323 |   5400 |    923 |    772 |   3134 |   4 | 1580.8 |
          Hell |    485 |    464 |     21 |      0 |    310 |   1 |  485.0 |
           Zot |   4540 |   4093 |    447 |    145 |   2877 |   5 |  908.0 |
      Ice Cave |     54 |     54 |      0 |      0 |      0 |   1 |   54.0 |
    Desolation |    835 |    835 |      0 |     52 |    346 |   1 |  835.0 |
               +--------+--------+--------+--------+--------+-----+--------+

Top non-repeatable levels by time:
Depths:4: 2544 daAuts
  Lair:5: 2168 daAuts
  Lair:2: 2107 daAuts
   Orc:2: 2079 daAuts
Spider:4: 1943 daAuts
 Swamp:3: 1910 daAuts
Vaults:2: 1714 daAuts
Depths:2: 1683 daAuts
    D:15: 1635 daAuts
  Lair:3: 1498 daAuts
Vaults:5: 1480 daAuts
    D:14: 1454 daAuts
Vaults:4: 1453 daAuts
   Elf:3: 1406 daAuts
    D:10: 1403 daAuts
